 Dungeon Crawl Stone Soup version 0.31-a0-466-g98c9adc2b6 (webtiles) character file.

Game seed: 9043558523076098738

426 Ofeo the Changeling (level 6, -4/46 (48) HPs)
             Began as a Demonspawn Shapeshifter on Aug 5, 2023.
             Slain by a gnoll
             ... wielding a +2 whip of draining
             ... led by a gnoll sergeant
              (6 damage)
             ... on level 5 of the Dungeon.
             The game lasted 00:03:16 (3953 turns).

Ofeo the Changeling (Demonspawn Shapeshifter)       Turns: 3953, Time: 00:03:17

HP:   -4/46 (48)    AC:  3    Str: 17    XL:     6   Next: 64%
MP:   0/0           EV:  7    Int: 13    God:
Gold: 158           SH:  0    Dex: 16    Spells: 5/5 levels left

rFire   . . .        f - +8 trident "Xuefaellu" {spect, MP-9 Int+3 Dex+3}
rCold   . . .        (no shield)
rNeg    . . .        a - +1 animal skin
rPois   .            (helmet currently unavailable)
rElec   .            (cloak currently unavailable)
rCorr   .            (gloves currently unavailable)
SInv    .            (boots currently unavailable)
Will    +....        (no amulet)
Stlth   +            (no ring)
HPRegen 0.27/turn    (no ring)
MPRegen 0.07/turn

%: no passive effects
@: lethally poisoned (-4 -> -24), beast-form, enlightened, flying, held, lightly
drained
A: beast (slay +2), powered by death 1, sturdy frame 1
a: Begin Untransformation


You were on level 5 of the Dungeon.
You were a hulking beast.
You visited 1 branch of the dungeon, and saw 5 of its levels.

You collected 187 gold pieces.
You spent 29 gold pieces at shops.

Inventory:

Hand Weapons
 f - the +8 trident "Xuefaellu" (weapon) {spect, MP-9 Int+3 Dex+3}
   (You found it on level 2 of the Dungeon)

   Int:       It affects your intelligence (+3).
   Dex:       It affects your dexterity (+3).
   MP:        It affects your magic capacity (-9).
Armour
 a - a +1 animal skin (worn)
Jewellery
 e - an amulet of regeneration
 h - a +6 ring of dexterity
Talismans
 c - a beast talisman (active)
Wands
 l - a wand of roots (10)
 n - a wand of paralysis (15)
Scrolls
 i - 2 scrolls of enchant weapon
 j - a scroll of immolation {unknown}
 k - a scroll of amnesia {unknown}
 m - 3 scrolls of identify {unknown}
 o - a scroll of poison {unknown}
 p - a scroll of revelation {unknown}
 q - a scroll of enchant armour
 t - a scroll of vulnerability {unknown}
Potions
 b - 2 potions of lignification
 d - 2 potions of enlightenment
 g - a potion of magic {unknown}
 r - a potion of might {unknown}
 s - 2 potions of curing {unknown}
 u - a potion of attraction {unknown}


   Skills:
 + Level 3.9 Fighting
 + Level 3.8 Dodging
 - Level 3.1 Unarmed Combat
 + Level 4.0 Shapeshifting


You had 5 spell levels left.
You didn't know any spells.
Your spell library contained the following spells:

 Spells                   Type           Power      Damage    Failure   Level
 Blink                    Tloc           0%         N/A       43%         2
 Lesser Beckoning         Tloc           0%         N/A       43%         2
 Momentum Strike          Conj/Tloc      0%         3d8       43%         2
 Hailstorm                Conj/Ice       0%         3d3       67%         3
 Manifold Assault         Tloc           0%         N/A       97%         4
 Passage of Golubria      Tloc           0%         N/A       97%         4
 Summon Ice Beast         Ice/Summ       0%         N/A       97%         4
 Alistair's Intoxication  Tmut/Pois      0%         N/A       100%        5
 Borgnjor's Vile Clutch   Necr/Erth      0%         N/A       100%        5
 Silence                  Hex/Air        0%         N/A       100%        5
 Eringya's Noxious Bog    Tmut/Pois      0%         4d6       100%        6
 Simulacrum               Ice/Necr       0%         N/A       100%        6
 Lehudib's Crystal Spear  Conj/Erth      0%         10d2      100%        8


Dungeon Overview and Level Annotations

Branches:
Dungeon (5/15)
 Temple: D:4-7

Altars:
Ashenzari
Cheibriados
Makhleb

Shops:
D:1 *   D:3 ?

Annotations:
D:5 Grinder


Innate Abilities, Weirdness & Mutations

You are a hulking beast.
Your limbs bulge with bestial killing power. (Slay +2)
You regenerate a little health from kills.
Your movements are slightly less encumbered by armour. (ER -2)


Message History

Your +8 trident "Xuefaellu" {spect, MP-9 Int+3 Dex+3} hits the hound from afar!
The hound misses you.
You puncture the hound!
You kill the hound!
Your +8 trident "Xuefaellu" {spect, MP-9 Int+3 Dex+3} disappears.
The gnoll closely misses you.
Grinder grins, showing sharp teeth.
The gnoll hits you with a +0 club.
A sleepcap comes into view.
The gnoll sergeant hits you from afar with a +0 spear of venom!
You are poisoned.
The gnoll closely misses you.
Your Shapeshifting skill increases to level 4!
You take 15 damage, and have 33/48 hp.
MASSIVE DAMAGE!!
The gnoll attacks as you move away! The gnoll misses you.
You feel very sick.
You take 5 damage, and have 28/48 hp.
The gnoll attacks as you move away!
The gnoll hits you with a +2 whip of draining.
You feel drained. The gnoll attacks as you move away!
The gnoll closely misses you.
You feel very sick.
The gnoll throws a throwing net.
The throwing net hits you.
You become entangled in the net!
You see here a throwing net.
You take 8 damage, and have 20/46 hp.
You tear a large gash into the net.
You feel very sick.
The gnoll sergeant hits you from afar with a +0 spear of venom!
* * * LOW HITPOINT WARNING * * *
You are more poisoned.
Grinder says, "FISH!"
You take 13 damage, and have 7/46 hp.
MASSIVE DAMAGE!!
It was a potion of enlightenment.
You feel very buoyant.
You fly up into the air.
* * * LOW HITPOINT WARNING * * *
You feel very sick.
The gnoll hits you with a +2 whip of draining.
You die...

#.#.....# #.##..#
#.....#.####......
####..#.#.......#.#
#.................
#.#..#.####..#.#.#.
#.#.....###.........
#.#..._........#
#.#.....####.#.#
#.#...h#####.#..
#.#...ggg5)....f
..##....g.......
#####....###....
####.# #.. #.# . #.#
#.# #.#


You could see Grinder, a gnoll sergeant and 3 gnolls.

Vanquished Creatures
  A phantom (D:5)
  2 hounds (D:5)
  An orc priest (D:3)
  A jelly (D:3)
  An iguana (D:4)
  A gnoll (D:5)
  7 adders
  2 ufetubi (D:5)
  2 worms (D:4)
  A dart slug (D:1)
  6 orcs
  11 ball pythons
  2 bats (D:1)
  11 endoplasms
  4 giant cockroaches
  9 goblins
  8 hobgoblins
  7 jackals (D:1)
  12 kobolds
  6 quokkas
  3 frilled lizards (D:1)
  5 rats
103 creatures vanquished.

Notes
Turn   | Place    | Note
-------+----------+-------------------------------------------
     0 | D:1      | Ofeo the Demonspawn Shapeshifter began the quest for the
                  | Orb.
     0 | D:1      | Reached XP level 1. HP: 15/15 MP: 1/1
     7 | D:1      | Found Zeoguera's Assorted Antiques.
   124 | D:1      | Gained mutation: You regenerate a little health from kills.
                  | [demonic ancestry]
   124 | D:1      | Reached XP level 2. HP: 21/21 MP: 2/2
   398 | D:1      | Reached XP level 3. HP: 24/27 MP: 3/3
   550 | D:1      | Reached skill level 3 in Shapeshifting
   714 | D:1      | Bought a scroll labelled ZUG BOT EWASTRU for 29 gold pieces
   821 | D:2      | Identified the +8 trident "Xuefaellu" {spect, MP-9 Int+3
                  | Dex+3}
   946 | D:2      | Found a faded altar of an unknown god.
   999 | D:2      | Reached XP level 4. HP: 33/33 MP: 0/4
  1411 | D:3      | Gained mutation: Your movements are slightly less
                  | encumbered by armour. (ER -2) [demonic ancestry]
  1411 | D:3      | Reached XP level 5. HP: 30/39 MP: 0/5
  1619 | D:3      | Found a burning altar of Makhleb.
  1621 | D:3      | Found a broken altar of Ashenzari.
  2021 | D:3      | Found The Oracle's Delphic Readings.
  3577 | D:5      | Entered Level 5 of the Dungeon
  3632 | D:5      | Reached XP level 6. HP: 47/47 MP: 0/6
  3922 | D:5      | Found a snail-covered altar of Cheibriados.
  3943 | D:5      | Noticed Grinder
  3950 | D:5      | Reached skill level 4 in Shapeshifting
  3953 | D:5      | HP: 2/46 [poisoned by a gnoll sergeant]
  3953 | D:5      | Slain by a gnoll

Illustrated notes

Levels and vault maps discovered:
D:1:      minmay_arrival_arboretum_small, layout_rooms, serial_shops, shop,
          minmay_tromino_v4_b
D:2:      layout_basic, hellmonk_ecumenical_altar_zigzags,
          chequers_serial_rivers_room_b, chequers_serial_rivers_micro_c
D:3:      layout_basic, nicolae_elyvilon_peaceful_grove,
          chequers_temple_overflow_statue_of_worship,
          nicolae_nh_oracle_at_delphi
D:4:      layout_layer_cave, nicolae_figureground_sparkle
D:5:      layout_loops_ring, cheibriados_altar_1, grunt_dithmenos_shadows,
          minmay_temple_entry_ruins, lightli_minifort, uniq_grinder

Skill      XL: |  1  2  3  4  5  6 |
---------------+-------------------+-----
Dodging        | 2 3 |  3.8
Unarmed Combat | 3 |  3.1
Shapeshifting  | 3 4 |  4.0
Fighting       | 2 3 |  3.9

Action                     |  1- 3 |  4- 6 || total
---------------------------+-------+-------++-------
  Melee: Unarmed           |   123 |       ||   123
         Punch             |     2 |       ||     2
         Trident           |     6 |    73 ||    79
    Use: Scroll            |     3 |     3 ||     6
         Potion            |       |     1 ||     1
   Stab: Sleeping          |     1 |     5 ||     6
         Distracted        |       |     1 ||     1
 Armour: Animal skin       |    33 |     1 ||    34
  Dodge: Dodged            |   106 |    20 ||   126

Table legend: (Time is in decaauts)
 A = Elapsed time spent in this place.
 B = Non-inter-level travel time spent in this place.
 C = Inter-level travel time spent in this place.
 D = Time resting spent in this place.
 E = Time spent auto-exploring this place.
 F = Levels seen in this place.
 G = Mean time per level.
                   A        B        C        D        E       F      G
               +--------+--------+--------+--------+--------+-----+--------+
         Total |   3972 |   3801 |    171 |      0 |   3270 |   5 |  794.4 |
       Dungeon |   3972 |   3801 |    171 |      0 |   3270 |   5 |  794.4 |
               +--------+--------+--------+--------+--------+-----+--------+

Top non-repeatable levels by time:
     D:4: 1195 daAuts
     D:3: 1009 daAuts
     D:1: 728 daAuts
     D:2: 659 daAuts
     D:5: 380 daAuts
